 Dungeon Crawl Stone Soup version 0.22-a0-406-g9ff8d77 (webtiles) character file.

157 nikopol the Digger (level 5, 0/28 HPs)
             Began as a Gargoyle Earth Elementalist on May 8, 2018.
             Slain by a sky beast (2 damage)
             ... on level 5 of the Dungeon.
             The game lasted 00:10:31 (3289 turns).

nikopol the Digger (Gargoyle Earth Elementalist)    Turns: 3289, Time: 00:10:32

Health: 0/28       AC:  8    Str: 11    XL:     5   Next: 38%
Magic:  0/11       EV: 12    Int: 19    God:
Gold:   140        SH:  0    Dex: 10    Spells: 8/12 levels left

rFire    . . .     SeeInvis .   e - +0 club
rCold    . . .     Gourm    .   (no shield)
rNeg     + . .     Faith    .   a - +1 robe {MR+}
rPois    ∞         Spirit   .   j - +0 helmet
rElec    +         Reflect  .   (no cloak)
rCorr    .         Harm     .   (no gloves)
MR       +....                  (no boots)
Stlth    ++........             (no amulet)
HPRegen  0.09/turn              o - +2 ring of intelligence
MPRegen  0.12/turn              (no ring)

@: very slightly contaminated
A: negative energy resistance 1, electricity resistance, unbreathing,
petrification resistance, rot immunity, AC +4
a: no special abilities


You were on level 5 of the Dungeon.
You were not hungry.

You visited 1 branch of the dungeon, and saw 5 of its levels.

You collected 140 gold pieces.

Inventory:

Hand Weapons
 e - a +0 club (weapon)
Missiles
 q - 21 stones (quivered)
Armour
 a - a +1 robe of magic resistance (worn)
 j - a +0 helmet (worn)
Jewellery
 o - a +2 ring of intelligence (left hand)
Scrolls
 b - a scroll of remove curse {unknown}
 c - a scroll of enchant weapon {unknown}
 g - 5 scrolls of identify {unknown}
 k - a scroll of random uselessness {unknown}
 n - a scroll of fog {unknown}
 p - 2 scrolls of teleportation {unknown}
Potions
 f - a potion of heal wounds {unknown}
 h - a potion of ambrosia {unknown}
 i - a potion of invisibility {unknown}
 l - a potion of haste {unknown}
 m - a potion of curing {unknown}
 r - a potion of mutation {unknown}
 s - a potion of agility {unknown}
Comestibles
 d - 5 rations


   Skills:
 + Level 1.6 Dodging
 + Level 2.2 Stealth
 + Level 4.0 Spellcasting
 + Level 0.1 Conjurations
   Level 0.7 Transmutations
 + Level 5.2 Earth Magic


You had 8 spell levels left.
You knew the following spells:

 Your Spells              Type           Power        Failure   Level  Hunger
a - Sandblast             Erth           ###...       1%          1    None
b - Stone Arrow           Conj/Erth      ##....       14%         3    ###....


Dungeon Overview and Level Annotations

Branches:
Dungeon (5/15)
 Temple: D:4-7

Altars:
Ashenzari
Dithmenos
Gozag
Ru
Sif Muna

Shops:
D:3 *


Innate Abilities, Weirdness & Mutations

You are resistant to torment.
Your stone body is resilient. (AC +4)
You are immune to poison.
You resist negative energy. (rN+)
You are resistant to electric shocks. (rElec)
You can survive without breathing.
You are immune to petrification.
You are immune to rotting.


Message History

A sky beast appears from thin air!
Reactivating autopickup.
The sky beast flickers out of sight!
Deactivating autopickup; reactivate with Ctrl-A.
Wield which item (- for none, * to show all)? (? for menu, Esc to quit)
You don't have any such object.
Wield which item (- for none, * to show all)? (? for menu, Esc to quit)
Okay, then.
Casting: Stone Arrow (safe; 14% risk of failure)
Confirm with . or Enter, or press ? or * to list all spells.
Aiming: Stone Arrow (safe; 14% risk of failure)
Press: ? - help, Shift-Dir - straight line Something barely misses you.
You start resting.
Something hits you but does no damage. Something hits you but does no damage.
Something hits you but does no damage.
You hit something. Something barely misses you. Something hits you.
* * * LOW HITPOINT WARNING * * *
Something shocks you. You resist.
You die...

#######
#.....#
####.###.#
#......#.#
#.##.#.#@#
#.##...#.#
#.######.#
#.# #.# #.#
#.# #.####
#.# #...<#
#.#
#.########.#
#<.....≈{≈.#


There were no monsters in sight!

Vanquished Creatures
  Natasha (D:4)
  A worker ant (D:4)
  2 adders
  An ooze (D:3)
  2 worms
  6 dart slugs
  3 leopard geckos
  3 bats
  3 giant cockroaches (D:2)
  10 goblins
  7 hobgoblins
  3 jackals (D:2)
  12 kobolds
  2 quokkas (D:2)
  A ball python (D:3)
  5 frilled lizards
  4 rats
66 creatures vanquished.

Notes
Turn   | Place    | Note
-------+----------+-------------------------------------------
     0 | D:1      | nikopol the Gargoyle Earth Elementalist began the quest for the Orb.
     0 | D:1      | Reached XP level 1. HP: 10/10 MP: 3/3
   132 | D:1      | Reached skill level 4 in Earth Magic
   132 | D:1      | Reached XP level 2. HP: 14/15 MP: 0/5
   644 | D:1      | Reached XP level 3. HP: 19/19 MP: 3/6
   649 | D:1      | Learned a level 3 spell: Stone Arrow
  1346 | D:2      | Reached XP level 4. HP: 19/24 MP: 0/8
  1733 | D:2      | Reached skill level 5 in Earth Magic
  2137 | D:3      | Found an opulent altar of Gozag.
  2140 | D:3      | Found Gozag's Platinum Reserve.
  2891 | D:4      | Found a shattered altar of Ashenzari.
  2891 | D:4      | Found a sacrificial altar of Ru.
  2892 | D:4      | Found a shadowy altar of Dithmenos.
  2909 | D:4      | Found a deep blue altar of Sif Muna.
  2933 | D:4      | Noticed Natasha
  2939 | D:4      | Killed Natasha
  2939 | D:4      | Reached XP level 5. HP: 28/28 MP: 0/10
  3205 | D:5      | Entered Level 5 of the Dungeon
  3231 | D:5      | Noticed a sky beast
  3289 | D:5      | Slain by a sky beast

Vault maps used:
D:1:      doesnt_arrival_eight_statues
D:3:      nicolae_gozag_zags_fifth_avenue
D:4:      grunt_temple_overflow_forces_of_nature,
          nicolae_overflow_quartered_altars, uniq_natasha
D:5:      lemuel_crystal_altar, first_ration, yredelemnul_altar_generic

Skill      XL: |  1  2  3  4  5 |
---------------+----------------+-----
Earth Magic    | 4 5 |  5.2
Spellcasting   | 3 4 |  4.0
Dodging        | |  1.6
Stealth        | |  2.2
Conjurations   | |  0.1
Transmutations | |  0.7

Action                   |  1- 3 |  4- 6 || total
-------------------------+-------+-------++-------
Melee: Club              |       |    34 ||    34
 Cast: Sandblast         |    42 |    34 ||    76
       Stone Arrow       |     3 |    17 ||    20
  Eat: Chunk             |     2 |     5 ||     7
       Ration            |       |     1 ||     1
Armor: Robe              |     7 |    27 ||    34
Dodge: Dodged            |     8 |    29 ||    37

Table legend:
 A = Spawn XP
 B = Non-spawn XP
 C = Spawn XP percentage of total XP
 D = Spawn monster count
 E = Non-spawn monster count
 F = Spawn count percentage of total count
 G = Total turns spent on level
                    A         B        C        D         E        F      G
               +---------+---------+-------+---------+---------+-------+---------
         Total |       0 |     225 |   0.0 |       0 |      66 |   0.0 |  3289
               +---------+---------+-------+---------+---------+-------+---------
           D:1 |       0 |      39 |   0.0 |       0 |      19 |   0.0 |  1123
           D:2 |       0 |      76 |   0.0 |       0 |      31 |   0.0 |   906
           D:3 |       0 |      42 |   0.0 |       0 |      14 |   0.0 |   829
           D:4 |       0 |      68 |   0.0 |       0 |       2 |   0.0 |   347
               +---------+---------+-------+---------+---------+-------+---------
